 Dungeon Crawl Stone Soup version 0.31-a0-234-gad7ace16ef (webtiles) character file.

Game seed: 16539534480738334827

10824 qw the Skirmisher (level 11, -3/71 HPs)
             Began as a Gargoyle Hexslinger on July 9, 2023.
             Was an Elder of Okawaru.
             Slain by a skyshark (6 damage)
             ... on level 2 of the Lair of Beasts.
             The game lasted 00:04:34 (9165 turns).

qw the Skirmisher (Gargoyle Hexslinger)             Turns: 9165, Time: 00:04:34

Health: -3/71      AC: 15    Str: 13    XL:     11   Next: 68%
Magic:  14/16      EV: 24    Int: 13    God:    Okawaru [****..]
Gold:   606        SH:  0    Dex: 22    Spells: 11/12 levels left

rFire   + . .        l - +0 orcbow
rCold   + . .        (shield currently unavailable)
rNeg    + . .        j - +0 troll leather armour
rPois   inf          d - +1 helmet
rElec   +            g - scarf {rC+ rF+}
rCorr   .            (no gloves)
SInv    .            (no boots)
Will    .....        n - amulet of faith
Stlth   +++          i - +6 ring of dexterity
HPRegen 1.11/turn    m - +5 ring of evasion
MPRegen 0.15/turn

%: faith
@: heroic
A: sickness immunity, AC +8, negative energy resistance 1, electricity
resistance, torment resistance 1, petrification resistance
a: Renounce Religion, Heroism, Finesse


You were on level 2 of the Lair of Beasts.
You worshipped Okawaru.
Okawaru was greatly pleased with you.
You visited 3 branches of the dungeon, and saw 11 of its levels.

You collected 606 gold pieces.


Innate Abilities, Weirdness & Mutations

You are immune to sickness and miasma.
Your stone body is resilient. (AC +8)
You are immune to poison.
You resist negative energy. (rN+)
You are resistant to electric shocks. (rElec)
You are resistant to unholy torment.
You are immune to petrification.


   Skills:
 - Level 9.0(14.0) Fighting
 + Level 13.5(18.5) Ranged Weapons
 - Level 3.3(8.3) Armour
 - Level 5.0(10.0) Dodging
 - Level 1.0 Spellcasting
 - Level 2.6 Hexes
 + Level 6.6 Invocations


You had 11 spell levels left.
You knew the following spells:

 Your Spells              Type           Power      Damage    Failure   Level
a - Slow                  Hex            28%        N/A       12%         1

Your spell library contained the following spells:

 Spells                   Type           Power      Damage    Failure   Level
 Inner Flame              Hex/Fire       4%         N/A       52%         3
 Portal Projectile        Hex/Tloc       8%         N/A       52%         3
 Cause Fear               Hex            3%         N/A       75%         4

Inventory:

Hand Weapons
 l - a +0 orcbow (weapon)
Armour
 a - a +0 cloak
 d - a +1 helmet (worn)
 g - a scarf of resistance (worn)
 j - a +0 troll leather armour (worn)
 p - a +1 cloak
Jewellery
 i - a +6 ring of dexterity (left hand)
 m - a +5 ring of evasion (right hand)
 n - an amulet of faith (around neck)
Wands
 o - a wand of digging (1)
Scrolls
 b - a scroll of identify
Potions
 c - a potion of enlightenment
 e - 2 potions of mutation
 f - 3 potions of curing
 h - 2 potions of might
 k - a potion of cancellation
 q - a potion of heal wounds {unknown}

Dungeon Overview and Level Annotations

Branches:
Dungeon (8/15)             Temple (1/1) D:7            Lair (2/5) D:8
 Spider (0/4) Lair:2
  Swamp: Lair:2-3    Shoals: Lair:2-3

Altars:
Ashenzari
Cheibriados
Dithmenos
Elyvilon
Fedhas
Gozag
Hepliaklqana
Kikubaaqudgha
Makhleb
Nemelex Xobeh
Okawaru
Qazlal
Ru
Sif Muna
Trog
Uskayaw
Vehumet
Wu Jian
Xom
Yredelemnul
Zin
The Shining One

Shops:
D:1 =   D:3 (


Message History

You shoot an arrow. The arrow hits the skyshark!
The skyshark is heavily wounded.
The catoblepas closely misses you.
You shoot an arrow. The arrow closely misses the skyshark.
The arrow closely misses the blink frog.
The skyshark bites you but does no damage.
The skyshark closely misses you.
The skyshark tail-slaps you but does no damage.
You shoot an arrow.
The arrow hits the skyshark but does no damage.
The skyshark is heavily wounded.
The catoblepas breathes a plume of calcifying dust at you.
The blast of calcifying dust hits you but does no damage.
The skyshark closely misses you.
The skyshark tail-slaps you but does no damage. x2
You shoot an arrow. The arrow hits the skyshark!
The skyshark is heavily wounded.
The catoblepas gores you.
The blink frog blinks!
The skyshark bites you. The skyshark misses you.
The skyshark closely misses you.
You shoot an arrow. The arrow hits the skyshark.
The skyshark is severely wounded.
The blink frog barely misses you. The catoblepas closely misses you.
You shoot an arrow.
The arrow hits the skyshark but does no damage.
The skyshark is severely wounded.
You feel like a meek peon again. The skyshark closely misses you.
The skyshark completely misses you. The skyshark tail-slaps you.
The blink frog blinks!
The catoblepas misses you.
9163 ||| INVOKING Heroism.
You gain the combat prowess of a mighty hero.
The skyshark misses you. x2; The skyshark barely misses you.
The catoblepas misses you.
You shoot an arrow. The arrow hits the skyshark!
The skyshark is severely wounded.
The skyshark barely misses you. The skyshark tail-slaps you.
The skyshark closely misses you.
You shoot an arrow. The arrow hits the skyshark!!
The skyshark is almost dead.
The catoblepas misses you. The skyshark bites you.
You die... 7.7 #.#.. #77.77###.. #..7..##... #77.77###.. 7.7 ##... 7.7 #.... 7 77.77#.#.# 77777.777777 7...7##..# ......ยค@lY.7 77%77

##.. ...F...SYl.7
7...7 #..
..+#####h..7
77.77###.P .#..7
#7...7#...P
YY#..777.~~~.#....
Ylh#......~~~.#....
....#..777.~~~.#....
.....#..7
#7...7#....
+#####+..7
77.77#....


You could see a catoblepas, a skyshark, an elephant, a polar bear, a black mamba
(petrified), a basilisk and a blink frog.

Vanquished Creatures
  2 hydras (Lair:2)
  A boulder beetle (Lair:1)
  A two-headed ogre (D:8)
  6 cane toads
  Maggie (D:7)
  A troll (D:8)
  Grinder (D:4)
  Prince Ribbit (D:6)
  A yak (D:8)
  A steam dragon (D:8)
  A basilisk (Lair:1)
  Menkaure (D:6)
  3 water moccasins
  3 black bears
  2 sky beasts
  15 wolves
  2 phantoms (D:6)
  A centaur (D:7)
  8 bullfrogs
  10 scorpions
  11 wights
  A killer bee (D:8)
  2 howler monkeys (D:8)
  4 electric eels (D:8)
  4 jellies
  9 hounds
  2 orc priests
  4 iguanas
  A sleepcap (D:6)
  An orc wizard (D:6)
  6 hell rats (Lair:1)
  4 gnolls (D:5)
  16 adders
  13 river rats (Lair:1)
  A shadow imp (D:7)
  2 white imps
  2 ufetubi
  2 worms
  2 dart slugs
  9 orcs
  9 bats
  5 endoplasms
  6 giant cockroaches
  9 hobgoblins
  2 jackals (D:1)
  18 quokkas
  8 ball pythons
  6 frilled lizards
  11 goblins
  9 kobolds
  16 rats
257 creatures vanquished.

Vanquished Creatures (others)
  A wolf (D:8)
1 creature vanquished.

Grand Total: 258 creatures vanquished

Notes
Turn   | Place    | Note
-------+----------+-------------------------------------------
     0 | D:1      | qw the Gargoyle Hexslinger began the quest for the Orb.
     0 | D:1      | Reached XP level 1. HP: 12/12 MP: 2/2
     0 | D:1      | 0 ||| qw: Version: 0.3-a-51-g015441d
     0 | D:1      | 0 ||| qw: Game counter: 4156
     0 | D:1      | 0 ||| qw: Melee chars always use a shield: true
     0 | D:1      | 0 ||| qw: God list: Okawaru
     0 | D:1      | 0 ||| qw: Allow faded altars: false
     0 | D:1      | 0 ||| qw: Do Orc after clearing Dungeon:15 true
     0 | D:1      | 0 ||| qw: Do second Lair branch before Depths: true
     0 | D:1      | 0 ||| qw: Lair rune preference: random
     0 | D:1      | 0 ||| qw: Goals: Normal
     0 | D:1      | 0 ||| PLANNING D:1-11
    13 | D:1      | HP: 2/12 [frozen (3)]
    19 | D:1      | 19 ||| FLEEEEING.
    92 | D:1      | Reached XP level 2. HP: 16/16 MP: 3/3
   253 | D:1      | Reached skill level 3 in Ranged Weapons
   267 | D:1      | 267 ||| FLEEEEING.
   431 | D:1      | Reached XP level 3. HP: 21/21 MP: 4/4
   751 | D:1      | Found Olon's Jewellery Boutique.
   758 | D:1      | 758 ||| SHOPLISTING amulet of reflection (330 gold, have
                  | 75).
   758 | D:1      | 758 ||| SHOPLISTING amulet of regeneration (330 gold, have
                  | 75).
   758 | D:1      | 758 ||| SHOPLISTING ring of ice (275 gold, have 75).
   862 | D:1      | 862 ||| UPGRADING to +0 helmet.
   867 | D:1      | 867 ||| UPGRADING to +0 ring mail.
   877 | D:1      | 877 ||| DROPPING +0 robe.
   878 | D:1      | 878 ||| UPGRADING to +6 ring of dexterity.
   879 | D:1      | 879 ||| UPGRADING to ring of resist corrosion.
   880 | D:1      | 880 ||| READING scroll labelled DAOBAF YZIU.
   881 | D:1      | 881 ||| READING scroll labelled HUGOFO UFATU.
   886 | D:1      | 886 ||| READING scroll labelled CUILEGGUNIW.
   887 | D:1      | 887 ||| READING scroll labelled PEWEMU JOBAUFF.
   888 | D:1      | 888 ||| DRINKING 3 clear potions.
   889 | D:1      | 889 ||| DRINKING 2 lumpy inky potions.
   890 | D:1      | 890 ||| DRINKING 2 potions of curing.
   890 | D:1      | 890 ||| (to cure confusion)
   891 | D:1      | 891 ||| DROPPING scroll of poison.
   892 | D:1      | 892 ||| DROPPING potion of ambrosia.
   961 | D:2      | Reached skill level 1 in Armour
   970 | D:2      | Reached XP level 4. HP: 23/26 MP: 5/5
  1061 | D:2      | Found a hazy altar of Hepliaklqana.
  1179 | D:2      | Reached skill level 4 in Ranged Weapons
  1356 | D:2      | Reached XP level 5. HP: 27/30 MP: 6/6
  1418 | D:2      | 1418 ||| SWAPPING to +0 orcbow.
  1419 | D:2      | 1419 ||| DROPPING +1 sling.
  1511 | D:2      | 1511 ||| READING scroll labelled JIEQOSS COIVE.
  1512 | D:2      | 1512 ||| READING scroll labelled UJUAVASYMO.
  1513 | D:2      | 1513 ||| READING scroll labelled GUDUUTHR OCSURCH.
  1514 | D:2      | 1514 ||| READING 2 scrolls labelled OSKOUP YMN.
  1515 | D:2      | 1515 ||| READING scroll labelled JUTIASU DENAM.
  1516 | D:2      | 1516 ||| DROPPING scroll of immolation.
  1544 | D:3      | You fall into a shaft and drop 1 floor!
  1545 | D:4      | Noticed Grinder
  1564 | D:4      | Paralysed by Grinder for 4 turns
  1570 | D:4      | Paralysed by Grinder for 4 turns
  1573 | D:4      | HP: 6/30 [Grinder (7)]
  1574 | D:4      | Killed Grinder
  1575 | D:4      | Reached skill level 6 in Ranged Weapons
  1575 | D:4      | Reached XP level 6. HP: 7/35 MP: 7/7
  1690 | D:4      | 1690 ||| UPGRADING to +0 cloak.
  1816 | D:3      | Found Wirud's Weapon Emporium.
  2304 | D:4      | Reached skill level 3 in Fighting
  2499 | D:4      | Found a burning altar of Makhleb.
  2648 | D:4      | Reached XP level 7. HP: 38/41 MP: 8/8
  2860 | D:4      | 2860 ||| READING scroll labelled DUFAENKOQ.
  2861 | D:4      | 2861 ||| READING scroll labelled VUM LIUBBORCHI.
  2888 | D:4      | 2888 ||| READING scroll labelled EBOGGA ATZOOCI.
  2901 | D:5      | Entered Level 5 of the Dungeon
  3172 | D:5      | Found an opulent altar of Gozag.
  3189 | D:5      | Found a hide-covered altar of Uskayaw.
  3191 | D:5      | Found a shadowy altar of Dithmenos.
  3191 | D:5      | Found a hazy altar of Hepliaklqana.
  3193 | D:5      | Found a broken altar of Ashenzari.
  3193 | D:5      | Found a radiant altar of Vehumet.
  3495 | D:5      | Reached skill level 7 in Ranged Weapons
  3548 | D:5      | 3548 ||| DRINKING 2 cyan potions.
  3549 | D:5      | 3549 ||| READING 3 scrolls of identify.
  3549 | D:5      | 3549 ||| IDENTIFYING metallic pink potion
  3550 | D:5      | 3550 ||| READING 2 scrolls of identify.
  3550 | D:5      | 3550 ||| IDENTIFYING golden potion
  3551 | D:5      | 3551 ||| DROPPING potion of attraction.
  3604 | D:6      | 3604 ||| FLEEEEING.
  3613 | D:6      | 3613 ||| STAIRDANCE
  3641 | D:5      | 3641 ||| READING 2 scrolls of identify.
  3641 | D:5      | 3641 ||| IDENTIFYING bubbling clear potion
  3642 | D:5      | 3642 ||| DROPPING potion of brilliance.
  3659 | D:6      | Reached XP level 8. HP: 45/48 MP: 9/9
  3821 | D:6      | HP: 11/48 [wight/+0 scimitar (4)]
  3822 | D:6      | 3822 ||| READING 2 scrolls of teleportation.
  3824 | D:6      | Reached skill level 8 in Ranged Weapons
  4184 | D:6      | Noticed Menkaure
  4188 | D:6      | Killed Menkaure
  4223 | D:6      | Reached skill level 9 in Ranged Weapons
  4233 | D:6      | 4233 ||| FLEEEEING.
  4234 | D:6      | 4234 ||| FLEEEEING.
  4235 | D:6      | 4235 ||| FLEEEEING.
  4236 | D:6      | 4236 ||| FLEEEEING.
  4237 | D:6      | 4237 ||| FLEEEEING.
  4238 | D:6      | 4238 ||| FLEEEEING.
  4239 | D:6      | 4239 ||| FLEEEEING.
  4240 | D:6      | 4240 ||| FLEEEEING.
  4241 | D:6      | 4241 ||| FLEEEEING.
  4386 | D:6      | Reached skill level 6 in Fighting
  4386 | D:6      | Reached XP level 9. HP: 42/55 MP: 10/10
  4446 | D:6      | Reached skill level 3 in Dodging
  4568 | D:6      | Noticed Prince Ribbit
  4573 | D:6      | Killed Prince Ribbit
  5022 | D:6      | 5022 ||| READING scroll of enchant armour.
  5022 | D:6      | 5022 ||| ENCHANTING +0 helmet.
  5082 | D:6      | 5082 ||| UPGRADING to amulet of faith.
  5087 | D:6      | 5087 ||| DRINKING 2 black potions.
  5109 | D:6      | 5109 ||| READING 2 scrolls of identify.
  5109 | D:6      | 5109 ||| IDENTIFYING sapphire potion
  5110 | D:6      | 5110 ||| DROPPING potion of lignification.
  5111 | D:6      | 5111 ||| DROPPING potion of magic.
  5166 | D:7      | Found a staircase to the Ecumenical Temple.
  5167 | D:7      | 5167 ||| PLANNING TEMPLE
  5178 | Temple   | Entered the Ecumenical Temple
  5184 | Temple   | 5184 ||| PLANNING OKAWARU WORSHIP
  5759 | Temple   | Became a worshipper of Warmaster Okawaru
  5760 | Temple   | 5760 ||| PLANNING D:1-11
  5796 | D:7      | Reached skill level 10 in Ranged Weapons
  5811 | D:7      | Reached skill level 3 in Armour
  5906 | D:7      | Noticed Maggie
  5911 | D:7      | 5911 ||| FLEEEEING.
  5915 | D:7      | 5915 ||| FLEEEEING.
  5916 | D:7      | 5916 ||| FLEEEEING.
  5920 | D:7      | 5920 ||| FLEEEEING.
  5921 | D:7      | 5921 ||| FLEEEEING.
  5922 | D:7      | 5922 ||| FLEEEEING.
  5923 | D:7      | 5923 ||| FLEEEEING.
  5926 | D:7      | 5926 ||| FLEEEEING.
  5927 | D:7      | 5927 ||| FLEEEEING.
  5931 | D:7      | 5931 ||| STAIRDANCE
  5986 | D:7      | HP: 12/55 [Maggie/+2 heavy war axe (21)]
  5987 | D:7      | 5987 ||| READING scroll of teleportation.
  6506 | D:7      | Found a shimmering blue altar of Sif Muna.
  6523 | D:7      | Found a stormy altar of Qazlal.
  6559 | D:7      | Killed Maggie
  6559 | D:7      | Reached * piety under Okawaru
  6616 | D:7      | Reached skill level 1 in Invocations
  6715 | D:7      | 6715 ||| UPGRADING to +0 steam dragon scales.
  6725 | D:7      | 6725 ||| DROPPING +0 ring mail.
  6726 | D:7      | 6726 ||| READING scroll labelled XEJINI NEOTURU.
  6756 | D:8      | Noticed a two-headed ogre
  6757 | D:8      | 6757 ||| INVOKING Heroism.
  6764 | D:8      | Killed a two-headed ogre
  6764 | D:8      | Reached ** piety under Okawaru
  6765 | D:8      | Reached skill level 3 in Invocations
  6877 | D:8      | Reached XP level 10. HP: 63/63 MP: 12/12
  6989 | D:8      | 6989 ||| INVOKING Heroism.
  7021 | D:8      | 7021 ||| INVOKING Heroism.
  7025 | D:8      | Reached skill level 11 in Ranged Weapons
  7043 | D:8      | 7043 ||| INVOKING Heroism.
  7090 | D:8      | 7090 ||| Stepping ~*~*~tactically~*~*~ (outnumbered).
  7180 | D:8      | 7180 ||| INVOKING Heroism.
  7198 | D:8      | Found a staircase to the Lair.
  7386 | D:8      | Reached *** piety under Okawaru
  7391 | D:8      | 7391 ||| Stepping ~*~*~tactically~*~*~ (water).
  7462 | D:8      | 7462 ||| INVOKING Heroism.
  7521 | D:8      | 7521 ||| PLANNING LAIR
  7521 | D:8      | 7521 ||| UPGRADING to +0 troll leather armour.
  7531 | D:8      | 7531 ||| DROPPING +0 steam dragon scales.
  7532 | D:8      | 7532 ||| DROPPING amulet of guardian spirit.
  7533 | D:8      | 7533 ||| READING 2 scrolls of identify.
  7533 | D:8      | 7533 ||| IDENTIFYING viscous grey potion
  7559 | Lair:1   | Entered Level 1 of the Lair of Beasts
  7687 | Lair:1   | Noticed a cane toad
  7688 | Lair:1   | 7688 ||| INVOKING Heroism.
  7697 | Lair:1   | Killed a cane toad
  7736 | Lair:1   | Noticed a boulder beetle
  7737 | Lair:1   | 7737 ||| INVOKING Heroism.
  7758 | Lair:1   | Killed a boulder beetle
  7759 | Lair:1   | Reached skill level 12 in Ranged Weapons
  7814 | Lair:1   | Noticed a cane toad
  7815 | Lair:1   | 7815 ||| INVOKING Heroism.
  7837 | Lair:1   | 7837 ||| INVOKING Heroism.
  7849 | Lair:1   | Killed a cane toad
  7951 | Lair:1   | Reached XP level 11. HP: 60/68 MP: 14/14
  7963 | Lair:1   | Reached skill level 13 in Ranged Weapons
  8072 | Lair:1   | Reached **** piety under Okawaru
  8075 | Lair:1   | 8075 ||| INVOKING Heroism.
  8088 | Lair:1   | Reached skill level 9 in Fighting
  8100 | Lair:1   | HP: 15/71 [wolf (9)]
  8101 | Lair:1   | 8101 ||| READING scroll of teleportation.
  8105 | Lair:1   | HP: 16/71 [wolf (3)]
  8229 | Lair:1   | 8229 ||| INVOKING Heroism.
  8418 | Lair:1   | 8418 ||| INVOKING Heroism.
  8681 | Lair:1   | 8681 ||| UPGRADING to scarf of resistance.
  8691 | Lair:1   | 8691 ||| UPGRADING to +5 ring of evasion.
  8693 | Lair:1   | 8693 ||| DROPPING ring of resist corrosion.
  8746 | Lair:2   | 8746 ||| STAIRDANCE
  8779 | Lair:2   | 8779 ||| STAIRDANCE
  8848 | Lair:2   | Found an opulent altar of Gozag.
  8889 | Lair:2   | Found a hole to the Spider Nest.
  9022 | Lair:2   | 9022 ||| INVOKING Heroism.
  9124 | Lair:2   | Noticed a four-headed hydra
  9124 | Lair:2   | Noticed a skyshark
  9125 | Lair:2   | 9125 ||| INVOKING Heroism.
  9126 | Lair:2   | Noticed a catoblepas
  9133 | Lair:2   | Noticed a six-headed hydra
  9138 | Lair:2   | Killed a four-headed hydra
  9139 | Lair:2   | Reached skill level 6 in Invocations
  9139 | Lair:2   | 9139 ||| Stepping ~*~*~tactically~*~*~ (outnumbered).
  9149 | Lair:2   | Killed a six-headed hydra
  9156 | Lair:2   | HP: 11/71 [catoblepas (14)]
  9162 | Lair:2   | HP: 5/71 [skyshark (4)]
  9163 | Lair:2   | 9163 ||| INVOKING Heroism.
  9164 | Lair:2   | HP: 2/71 [skyshark (5)]
  9165 | Lair:2   | Slain by a skyshark

Levels and vault maps discovered:
D:1:      dpeg_arrival_round_b, layout_loops_ring, serial_shops, shop
D:2:      layout_rooms, basic_altar, kennysheep_pointless_box,
          minmay_joined_circles
D:3:      layout_rooms, serial_shops, shop
D:4:      layout_loops_ring, makhleb_heckhound_becter, uniq_grinder
D:5:      layout_gridville, grunt_temple_overflow_open
D:6:      layout_layer_cave, dk_rats_in_the_wall, uniq_menkaure,
          uniq_prince_ribbit1
D:7:      layout_gridville, mainiacjoe_overflow_big_doors,
          minmay_temple_entry_crystal_x, uniq_maggie
D:8:      layout_loops_ring, erik_lair_island, kennysheep_generic_room_7
Temple:   compressed_dpeg_triangle_lava_temple
Lair:1:   lemuel_ratsnest, layout_cave_pods, nzn_sisyphean_effort,
          grunt_megastairs_3
Lair:2:   nzn_winding_woodlands_large [nzn_winding_woodlands_5x5_closed_star,
          nzn_winding_woodlands_5x15_twine, nzn_winding_woodlands_hourglass,
          nzn_winding_woodlands_center_garden,
          nzn_winding_woodlands_15x15_killbox,
          nzn_winding_woodlands_center_diamonds,
          nzn_winding_woodlands_5x5_perimeter, nzn_winding_woodlands_5x15_pool,
          nzn_winding_woodlands_5x5_cross], layout_small_grid,
          elwin_shoals_entry_rocks, nicolae_spider_entry_non_spiders,
          basic_altar, special_room [special_room_bee],
          chequers_serial_rivers_room_a

Skill      XL: |  1  2  3  4  5  6  7  8  9 10 11 |
---------------+----------------------------------+-----
Ranged Weapons | 3 4 6 7 9 10 12 13 | 13.5
Fighting       | 2 3 4 6 7 8 9 |  9.0
Armour         | 1 2 3 |  3.3
Dodging        | 2 4 5 |  5.0
Invocations    | 3 4 6 |  6.6
Spellcasting   | |  1.0
Hexes          | |  2.6

Action                     |  1- 3 |  4- 6 |  7- 9 | 10-12 || total
---------------------------+-------+-------+-------+-------++-------
   Fire: Sling             |   131 |    78 |       |       ||   209
         Orcbow            |       |   104 |   272 |   485 ||   861
 Invoke: Heroism           |       |       |     1 |    15 ||    16
    Use: Scroll            |     4 |     5 |    11 |     2 ||    22
         Potion            |     3 |       |     2 |       ||     5
 Armour: Robe              |    11 |       |       |       ||    11
         Ring mail         |     2 |    78 |    73 |       ||   153
         Steam dragon scal |       |       |       |    23 ||    23
         Troll leather arm |       |       |       |    92 ||    92
  Dodge: Dodged            |    36 |    95 |    76 |   363 ||   570

Table legend:
 A = Non-vault XP
 B = Vault XP
 C = Vault XP percentage of total XP
 D = Non-vault monster count
 E = Vault monster count
 F = Vault count percentage of total count
                 A         B        C        D         E       F
            +---------+---------+-------+---------+---------+-------
      Total |    7764 |    7700 |  49.8 |     173 |      85 |  32.9
            +---------+---------+-------+---------+---------+-------
        D:1 |      56 |       0 |   0.0 |      34 |       0 |   0.0
        D:2 |      80 |      43 |  35.0 |      18 |      11 |  37.9
        D:3 |      80 |       0 |   0.0 |      22 |       0 |   0.0
        D:4 |      62 |     320 |  83.8 |      12 |       2 |  14.3
        D:5 |     352 |       0 |   0.0 |      12 |       0 |   0.0
        D:6 |    1485 |     446 |  23.1 |      28 |       2 |   6.7
        D:7 |     516 |     385 |  42.7 |       8 |       1 |  11.1
        D:8 |    1966 |    1131 |  36.5 |      20 |      11 |  35.5
     Lair:1 |    2651 |    2839 |  51.7 |      15 |      46 |  75.4
     Lair:2 |     516 |    2536 |  83.1 |       4 |      12 |  75.0
            +---------+---------+-------+---------+---------+-------
